[Event "Team 45 45 League T59"]
[Site "Internet Chess Club"]
[Date "2013.12.01"]
[Round "2"]
[White "julesraider"]
[Black "bmw2002"]
[Result "0-1"]
[WhiteElo "1576"]
[BlackElo "1585"]
[Opening "King's Indian: 6.Be2"]
[ECO "E91"]
[Time "10:04:36"]
[TimeControl "2700+45"]

1. d4 Nf6 2. c4 g6 3. Nc3 Bg7 4. e4 d6 5. Nf3 O-O 6. Be2 a5 7. O-O Na6 8. Re1
Nd7 9. Be3 e5 10. Bg5 Qe8 11. Be3 f5 12. dxe5 f4 13. Qd5+ Kh8 14. Bc1 Nb4 15.
Qd2 Nxe5 16. a3 Nbc6 17. Nd5 Qf7 18. Ng5 Qg8 19. Nxc7 h6 20. Nf3 Be6 21. Nxe6
Qxe6 22. Qc2 g5 23. Bd2 Nxf3+ 24. Bxf3 g4 25. Bd1 Nd4 26. Qd3 f3 27. Bc3 Qf6 28.
Bxd4 Qxd4 29. Qxd4 Bxd4 30. g3 Rfc8 31. Bb3 Bxb2 32. Ra2 Bd4 33. Rd1 Be5 34. Rd5
a4 35. Bd1 Rxc4 36. Rc2 Rxe4 37. Kf1 Re8 38. Rd3 Bd4 39. Bxf3 gxf3 40. Rxf3 Bc5
41. Rcc3 Kg7 42. Rfd3 Re2 43. Rf3 R2e4 44. Rfd3 Rf8 45. f4 Rfe8 46. Kg2 Re3 47.
Kh3 Rxd3 48. Rxd3 Re3 49. Rd5 Rxa3 50. Kg4 Re3 51. Rd1 Re2 52. h4 a3 53. f5 a2
54. f6+ Kxf6 55. Kh5 Kg7 56. g4 Re5+ 57. g5 hxg5 58. hxg5 Re2 59. g6 Bd4 60. Rf1
Rf2 61. Re1 Be5 62. Rc1 d5 {White resigns} 0-1

[Event "Team 45 45 League T59"]
[Site "Internet Chess Club"]
[Date "2013.12.01"]
[Round "2"]
[White "BrerRabbit"]
[Black "rayngrant"]
[Result "1-0"]
[WhiteElo "1553"]
[BlackElo "1505"]
[Opening "King's Indian: East Indian defense"]
[ECO "A48"]
[Time "19:01:34"]
[TimeControl "2700+45"]

1. d4 Nf6 2. Nf3 g6 3. Nbd2 Bg7 4. e4 d6 5. c3 O-O 6. Bd3 e5 7. O-O exd4 8. cxd4
Nc6 9. Re1 Bg4 10. Qb3 Rb8 11. h3 Bd7 12. Nf1 Qc8 13. Be3 Re8 14. N1d2 Bxh3 15.
gxh3 Qxh3 16. Ng5 Qg4+ 17. Kh2 Qh5+ 18. Kg1 Ng4 19. Ngf3 Qh3 20. Bf1 Qh5 21.
Rac1 Nf6 22. a3 Qg4+ 23. Bg2 Nh5 24. Nh2 Qh4 25. Nhf3 Qg4 26. Nh2 Qd7 27. Nhf3
Qg4 28. Nh2 Qh4 29. Nhf3 Qd8 30. Qc2 Nf6 31. d5 Ne5 32. Nxe5 Rxe5 33. Qxc7 Qe8
34. Bxa7 Ra8 35. Be3 Ng4 36. Bf4 Re7 37. Qxd6 Bxb2 38. Rc7 Rxc7 39. Qxc7 Bxa3
40. Bd6 Bb2 41. Bf3 Nf6 42. Rb1 Bd4 43. Rxb7 Ra1+ 44. Kg2 h5 45. Rb8 {Black
resigns} 1-0

[Event "Team 45 45 League T59"]
[Site "Internet Chess Club"]
[Date "2013.11.30"]
[Round "2"]
[White "spongenotbob"]
[Black "badmove"]
[Result "0-1"]
[WhiteElo "1867"]
[BlackElo "1616"]
[Opening "Catalan: open, 5.Qa4"]
[ECO "E02"]
[Time "17:20:40"]
[TimeControl "2700+45"]

1. d4 Nf6 2. c4 e6 3. g3 d5 4. Bg2 dxc4 5. Qa4+ c6 6. Qxc4 Nbd7 7. Nc3 Be7 8.
Nf3 O-O 9. O-O Nb6 10. Qd3 Nbd5 11. e4 Nxc3 12. bxc3 c5 13. e5 Nd7 14. Rd1 cxd4
15. cxd4 Nb6 16. Bd2 Nd5 17. Rac1 Bd7 18. Qb3 Bc6 19. Ne1 Qd7 20. Qb2 Ba4 21.
Nc2 Rac8 22. Re1 Rc7 23. Ne3 Rfc8 24. Rxc7 Rxc7 25. Rc1 Rxc1+ 26. Qxc1 Nxe3 27.
Bxe3 Bc6 28. Bxc6 Qxc6 29. Qxc6 bxc6 30. Kf1 Kf8 31. Ke2 Ke8 32. Kd3 Kd7 33. Kc4
a6 34. Bd2 Kc7 35. a4 Kb7 36. Bb4 Bd8 37. f4 a5 38. Bc3 Kb6 39. g4 Be7 40. f5
Bg5 41. Be1 g6 42. f6 Bh6 43. Bf2 Kb7 44. Kd3 Bf8 45. Ke4 Bb4 46. Be3 Bf8 47.
Bd2 Kb6 48. h4 Bb4 49. Bh6 Bc3 50. Bf8 Be1 51. Bc5+ Kb7 52. h5 Bb4 53. Bxb4 axb4
54. hxg6 hxg6 55. Kf4 b3 56. Kg5 b2 57. Kh6 b1=Q 58. Kg7 g5 59. Kxf7 Qd3 60.
Kxe6 Qxd4 61. f7 Qd5+ 62. Kf6 Qd8+ 63. Kg6 Qe7 64. Kg7 Qxe5+ 65. Kg8 Qb8+ 66.
Kg7 c5 {White resigns} 0-1

[Event "Team 45 45 League T59"]
[Site "Internet Chess Club"]
[Date "2013.12.05"]
[Round "2"]
[White "ILRE"]
[Black "Schack"]
[Result "1/2-1/2"]
[WhiteElo "1604"]
[BlackElo "1718"]
[Opening "English opening"]
[ECO "A16"]
[Time "17:28:18"]
[TimeControl "2700+45"]

1. c4 Nf6 2. Nc3 g6 3. g3 Bg7 4. Bg2 O-O 5. Nf3 d6 6. O-O e5 7. d3 c6 8. Bg5 Qc7
9. Rb1 a5 10. a3 Be6 11. Qc2 Na6 12. b4 axb4 13. axb4 d5 14. b5 cxb5 15. Nxb5
Qc5 16. Nxe5 dxc4 17. d4 Nb4 18. dxc5 Nxc2 19. Nc7 Ra5 20. Nxe6 fxe6 21. Bxf6
Bxf6 22. Nxc4 Rxc5 23. Nd6 Nd4 24. e3 Nc6 25. Rxb7 Ne5 26. Ne4 Rc2 27. Bh3 Rc6
{Game drawn by mutual agreement} 1/2-1/2

[Event "Team 45 45 League T59"]
[Site "Internet Chess Club"]
[Date "2013.12.02"]
[Round "2"]
[White "drsigmund1"]
[Black "houseofcook"]
[Result "1/2-1/2"]
[WhiteElo "1617"]
[BlackElo "1474"]
[Opening "Queen's bishop game"]
[ECO "D02"]
[Time "12:30:19"]
[TimeControl "2700+45"]

1. d4 d5 2. Nf3 Nf6 3. Bf4 Bf5 4. e3 e6 5. Bd3 Bxd3 6. Qxd3 Bd6 7. Ne5 Nc6 8. h3
O-O 9. Nxc6 bxc6 10. Bg5 h6 11. Bh4 Be7 12. Nd2 Nh7 13. Bg3 Bd6 14. f4 Nf6 15.
O-O c5 16. c3 cxd4 17. cxd4 c5 18. Rac1 c4 19. Qc2 Rc8 20. Bh4 Be7 21. f5 Nh7
22. Bg3 Bd6 23. Bf4 Bxf4 24. Rxf4 Qd7 25. Rcf1 Nf6 26. g4 Qc6 27. Nf3 exf5 28.
Rxf5 Nd7 29. Ne5 Nxe5 30. Rxe5 Rce8 31. Rff5 Rxe5 32. Rxe5 Re8 33. Rxe8+ {Game
drawn by mutual agreement} 1/2-1/2

[Event "Team 45 45 League T59"]
[Site "Internet Chess Club"]
[Date "2013.11.30"]
[Round "2"]
[White "Constrictor"]
[Black "Bookkeeper"]
[Result "0-1"]
[WhiteElo "1687"]
[BlackElo "1641"]
[Opening "Bird's opening"]
[ECO "A02"]
[Time "15:00:47"]
[TimeControl "2700+45"]

1. f4 c6 2. Nf3 d5 3. b3 Bf5 4. Bb2 Nf6 5. e3 Nbd7 6. d3 Qb6 7. Qd2 e6 8. Nc3
Bc5 9. d4 Bd6 10. Bd3 Bg4 11. O-O O-O 12. Ne5 Bf5 13. Rf3 Bxd3 14. Qxd3 Rac8 15.
Rh3 h6 16. Nxd7 Nxd7 17. g4 Qa6 18. Qd1 f6 19. g5 fxg5 20. fxg5 hxg5 21. Qh5 Nf6
22. Qxg5 Rc7 23. a3 Rcf7 24. Rf1 Qxf1+ 25. Kxf1 Ne4+ 26. Qf4 Bxf4 27. exf4 Rxf4+
28. Ke2 Rf2+ 29. Kd1 Nxc3+ 30. Bxc3 R8f3 {White resigns} 0-1

[Event "Team 45 45 League T59"]
[Site "Internet Chess Club"]
[Date "2013.12.02"]
[Round "2"]
[White "Nathan-L"]
[Black "elessar"]
[Result "1-0"]
[WhiteElo "1821"]
[BlackElo "1610"]
[Opening "Queen's bishop game"]
[ECO "D02"]
[Time "18:04:27"]
[TimeControl "2700+45"]

1. Nf3 Nf6 2. d4 d5 3. Bf4 e6 4. e3 Bd6 5. Bxd6 Qxd6 6. Nbd2 O-O 7. Bd3 Nbd7 8.
O-O e5 9. dxe5 Nxe5 10. e4 Nxd3 11. cxd3 dxe4 12. Nxe4 Nxe4 13. dxe4 Qxd1 14.
Rfxd1 Bg4 15. Rd3 Bxf3 16. gxf3 Rad8 17. Rad1 Rxd3 18. Rxd3 Rc8 19. Kf1 Kf8 20.
Ke2 Ke7 21. Rb3 b6 22. Rc3 a5 23. a4 c6 24. Ke3 Kd6 25. f4 f6 26. b3 Re8 27. f3
Re7 28. Kd4 Kc7 29. Kc4 Rd7 30. e5 fxe5 31. fxe5 Rd5 32. Re3 Kd7 33. Rd3 Rxd3
34. Kxd3 Ke6 35. f4 Kd5 36. h4 h5 37. Kc3 Ke6 38. Kc4 g6 39. b4 axb4 40. Kxb4
Kd5 41. Kb3 c5 42. Kc2 Ke6 43. Kc3 Ke7 44. Kc4 Ke6 45. a5 bxa5 46. Kxc5 a4 47.
Kb4 Kf5 48. Kxa4 Kxf4 49. e6 Kg4 50. e7 Kxh4 51. e8=Q g5 52. Qe1+ Kh3 53. Qh1+
Kg4 54. Kb4 h4 55. Kc4 h3 56. Kd4 Kg3 57. Ke3 g4 58. Qg1+ Kh4 59. Kf4 {Black
resigns} 1-0

[Event "Team 45 45 League T59"]
[Site "Internet Chess Club"]
[Date "2013.11.29"]
[Round "2"]
[White "bayoumicardio10"]
[Black "AdithJosh"]
[Result "1-0"]
[WhiteElo "1676"]
[BlackElo "1455"]
[Opening "Sicilian: closed"]
[ECO "B23"]
[Time "18:03:34"]
[TimeControl "2700+45"]

1. e4 c5 2. Nc3 d6 3. f4 Nc6 4. Bb5 Nf6 5. d3 g6 6. Nf3 Bg7 7. O-O O-O 8. Bxc6
bxc6 9. Qe1 d5 10. e5 Ng4 11. h3 Nh6 12. Na4 c4 13. dxc4 dxc4 14. Nc3 Bf5 15.
Ne4 Qd5 16. Nc3 Qc5+ 17. Qf2 Qxf2+ 18. Rxf2 f6 19. g4 g5 20. gxf5 Nxf5 21. exf6
Bxf6 22. fxg5 Bxc3 23. bxc3 Ng3 24. Ba3 Ne4 25. Rff1 Ng3 26. Bxe7 Nxf1 27. Bxf8
Ne3 28. Bc5 Nxc2 29. Rc1 {Black resigns} 1-0

[Event "Team 45 45 League T59"]
[Site "Internet Chess Club"]
[Date "2013.12.01"]
[Round "2"]
[White "medsurg"]
[Black "Hal2001"]
[Result "0-1"]
[WhiteElo "1273"]
[BlackElo "1535"]
[Opening "Modern defense"]
[ECO "A40"]
[Time "19:06:41"]
[TimeControl "2700+45"]

1. d4 g6 2. c4 Bg7 3. Nc3 c5 4. e3 cxd4 5. exd4 d6 6. Nf3 Nf6 7. Bg5 O-O 8. Qd2
Re8 9. Be2 Bf5 10. O-O Nbd7 11. Nh4 Ne4 12. Nxe4 Bxe4 13. Bf3 Bxf3 14. Nxf3 Rc8
15. Rac1 Nf6 16. Rfe1 Qb6 17. b3 e6 18. h3 Nd7 19. Re4 Qc7 20. Rh4 Nf8 21. Re1
e5 22. d5 f6 23. Bh6 a6 24. Bxg7 Qxg7 25. Nh2 f5 26. Qg5 Nd7 27. f3 Kf7 28. Nf1
Rh8 29. Ng3 h6 30. Qd2 g5 31. Nxf5 Qg6 32. Nxh6+ Rxh6 33. Rg4 Rh5 34. Qe3 Nf6
35. Rg3 Qf5 36. Qb6 Qd7 37. Qe3 Nh7 38. Qe4 Nf6 39. Qe3 Rg8 40. Kf2 Qc7 41. Rc1
Nd7 42. Rg4 Qc5 43. Rc3 Qxe3+ 44. Kxe3 Nf6 45. Rg3 Rh4 46. Rg4 Nxg4+ 47. fxg4
Rc8 48. Ke4 Kf6 49. Rf3+ Kg6 50. Rf1 Rh7 {White resigns} 0-1

[Event "Team 45 45 League T59"]
[Site "Internet Chess Club"]
[Date "2013.11.30"]
[Round "2"]
[White "primerpaso"]
[Black "fledermaus"]
[Result "0-1"]
[WhiteElo "1929"]
[BlackElo "1878"]
[Opening "English opening"]
[ECO "A13"]
[Time "18:01:20"]
[TimeControl "2700+45"]

1. c4 e6 2. g3 d5 3. cxd5 exd5 4. d4 Bd6 5. Bg2 c6 6. Nc3 Nf6 7. Nf3 O-O 8. O-O
Re8 9. a3 Nbd7 10. b4 a6 11. Bf4 Bxf4 12. gxf4 Nb6 13. Ne5 Nfd7 14. Qb3 Qe7 15.
Rfe1 Nf8 16. Rad1 Be6 17. a4 f6 18. Nd3 Bf7 19. e3 Nc4 20. a5 Qc7 21. Na4 Ng6
22. Ndb2 Nh4 23. Qc2 Bh5 24. Ra1 Bf3 25. Bh3 Be4 26. Qd1 Nf3+ 27. Kf1 Nxh2+ 28.
Kg1 Nf3+ 29. Kf1 Ncd2+ 30. Ke2 Qxf4 31. Qxd2 Qh4 32. Rh1 Nxd2 33. Be6+ Rxe6 34.
Rxh4 Nf3 35. Rf4 Ng5 36. Nc5 Re7 37. Nba4 Ne6 38. Rh4 g5 39. Rg1 Bg6 40. Rh2
Nxd4+ {White resigns} 0-1

[Event "Team 45 45 League T59"]
[Site "Internet Chess Club"]
[Date "2013.11.30"]
[Round "2"]
[White "RubberDuck"]
[Black "frank001"]
[Result "1-0"]
[WhiteElo "1873"]
[BlackElo "1766"]
[Opening "Petrov: classical attack"]
[ECO "C42"]
[Time "05:03:15"]
[TimeControl "2700+45"]

1. e4 e5 2. Nf3 Nf6 3. Nxe5 d6 4. Nf3 Nxe4 5. d4 d5 6. Bd3 Nc6 7. c4 Bb4+ 8.
Nbd2 O-O 9. O-O Nf6 10. a3 Be7 11. Nb3 Bg4 12. c5 a5 13. Be3 a4 14. Nbd2 g6 15.
Bb5 Ne4 16. Qc1 Bf6 17. h3 Be6 18. Re1 Ne7 19. g4 Bg7 20. Bf4 c6 21. Bd3 f5 22.
g5 Nc8 23. b4 axb3 24. Nxb3 Kf7 25. h4 Rh8 26. Ne5+ Kf8 27. f3 Ne7 28. fxe4 fxe4
29. Be2 Nf5 30. Rf1 Ke8 31. h5 Ra4 32. h6 Bf8 33. Ng4 Be7 34. Nf6+ Kf7 35. Be5
Qc8 36. Qc3 Bd8 37. Nxe4 dxe4 38. Bxh8 Bxg5 39. d5 Bxd5 40. Qg7+ Ke6 41. Rxf5
gxf5 42. Qe5+ Kf7 43. Qg7+ Ke6 44. Nd4+ Rxd4 45. Qxd4 Qg8 46. Qe5+ Kd7 47. Qg7+
Kc8 48. Qxg8+ Bxg8 49. Rf1 Be6 50. Bg7 Be3+ 51. Kh1 Bxc5 52. a4 Bd6 53. Rd1 Kc7
54. Rg1 f4 55. Bd4 Bf5 56. Rg7+ Kc8 57. Bg4 Bxg4 58. Rxg4 e3 59. Kg2 c5 60. Bc3
{Black resigns} 1-0

[Event "Team 45 45 League T59"]
[Site "Internet Chess Club"]
[Date "2013.11.29"]
[Round "2"]
[White "Portola"]
[Black "jonesey"]
[Result "1/2-1/2"]
[WhiteElo "1817"]
[BlackElo "1800"]
[Opening "Queen's pawn: London system"]
[ECO "A45"]
[Time "15:00:55"]
[TimeControl "2700+45"]

1. d4 Nf6 2. Bf4 e6 3. e3 c5 4. c3 Be7 5. h3 d5 6. Bd3 Nc6 7. Nf3 O-O 8. Nbd2 b6
9. Qe2 Bb7 10. O-O a6 11. a4 Qd7 12. Ne5 Nxe5 13. dxe5 Ne4 14. Rfd1 Qc7 15. Nxe4
dxe4 16. Bc4 a5 17. Rd2 Rfd8 18. Rad1 Rxd2 19. Rxd2 Rd8 20. Qd1 Rxd2 21. Qxd2
Qd8 22. Qxd8+ Bxd8 {Game drawn by mutual agreement} 1/2-1/2

[Event "Team 45 45 League T59"]
[Site "Internet Chess Club"]
[Date "2013.11.29"]
[Round "2"]
[White "gcl"]
[Black "QuieroAprender"]
[Result "0-1"]
[WhiteElo "1668"]
[BlackElo "1723"]
[Opening "Two knights defense"]
[ECO "C58"]
[Time "16:06:12"]
[TimeControl "2700+45"]

1. e4 e5 2. Nf3 Nc6 3. Bc4 Nf6 4. Ng5 d5 5. exd5 Na5 6. Bb5+ c6 7. dxc6 bxc6 8.
Bd3 Bd6 9. O-O Nd5 10. Ne4 O-O 11. Nxd6 Qxd6 12. Nc3 Nf4 13. Be2 g5 14. d3 Qg6
15. Bxf4 gxf4 16. Kh1 Kh8 17. Bf3 f5 18. Qe2 Qf6 19. Rfe1 Re8 20. Qd2 Ba6 21.
Na4 Nb7 22. Qc3 Re6 23. Nc5 Nxc5 24. Qxc5 Qg7 25. Qa5 Bb7 26. Qc3 Rae8 27. Qb4
e4 28. dxe4 fxe4 29. Bxe4 c5 30. Qxc5 Bxe4 31. Rg1 Bxg2+ 32. Rxg2 Re1+ {White
resigns} 0-1

[Event "Team 45 45 League T59"]
[Site "Internet Chess Club"]
[Date "2013.12.01"]
[Round "2"]
[White "bobhill"]
[Black "MASTERCHEF"]
[Result "1-0"]
[WhiteElo "1968"]
[BlackElo "1741"]
[Opening "Queen's Pawn"]
[ECO "A41"]
[Time "17:00:24"]
[TimeControl "2700+45"]

1. d4 d6 2. Nf3 Nf6 3. Bg5 Nbd7 4. Nbd2 g6 5. e4 Bg7 6. c3 e5 7. dxe5 dxe5 8.
Bc4 O-O 9. O-O Qe7 10. Qc2 Re8 11. a4 a5 12. Rfe1 h6 13. Bh4 Qc5 14. Ba2 c6 15.
Rad1 b5 16. Bg3 Nh5 17. Nf1 Nxg3 18. hxg3 Nf6 19. Ne3 Be6 20. Bxe6 Rxe6 21. Rd2
Rd6 22. Red1 Rad8 23. axb5 Rxd2 24. Rxd2 Rxd2 25. Nxd2 cxb5 26. Qd3 Bf8 27. Nb3
Qb6 28. Nd5 Nxd5 29. Qxd5 a4 30. Nc1 Qc5 31. Qd7 a3 32. bxa3 Qxc3 33. Nd3 Qxa3
34. Qxb5 Qa1+ 35. Kh2 Bg7 36. Qe8+ Kh7 37. Qxf7 Qd4 38. Qf3 Qd6 39. Ne1 Qe6 40.
Nc2 Bf8 41. Ne3 Kg7 42. Nd5 Bc5 43. Qe2 Qf7 44. f3 Qa7 45. Qb2 Bg1+ 46. Kh3 Bd4
47. Qc1 Bc5 48. g4 Bd4 49. Qc6 Qf7 50. Nc7 Bg1 51. Ne6+ Kh7 52. Qd6 Qf6 53. Qd7+
Kg8 54. Qe8+ Kh7 55. Nf8+ Kg7 56. Nd7 Qf4 57. Qe7+ Kh8 58. Qxe5+ Qxe5 59. Nxe5
Kg7 60. g3 Kf6 61. Nd3 Ba7 62. Kg2 Bd4 63. f4 Ba7 64. Kf3 Bb6 65. e5+ Ke6 66.
Ke4 Bg1 67. f5+ gxf5+ 68. gxf5+ Ke7 69. g4 Bh2 70. Nf4 Bg3 71. f6+ Kf7 72. Kf5
Bh4 73. e6+ Ke8 74. Ng6 {Black resigns} 1-0

[Event "Team 45 45 League T59"]
[Site "Internet Chess Club"]
[Date "2013.11.29"]
[Round "2"]
[White "zap2"]
[Black "Beetlejuice"]
[Result "0-1"]
[WhiteElo "1754"]
[BlackElo "1749"]
[Opening "Réti v Dutch"]
[ECO "A04"]
[Time "09:31:11"]
[TimeControl "2700+45"]

1. Nf3 f5 2. g3 Nf6 3. Bg2 g6 4. d3 d6 5. O-O Bg7 6. Nbd2 O-O 7. e4 c6 8. Re1 e5
9. c3 Na6 10. Nc4 h6 11. Nh4 Kh7 12. f4 exf4 13. exf5 g5 14. Ng6 Rf7 15. g4 Nxg4
16. Nxf4 Bxf5 17. Ne6 Qd7 18. Nxg7 Kxg7 19. d4 Nc7 20. h4 gxh4 21. Bf4 Be6 22.
Rxe6 Qxe6 23. Bxd6 Nf2 24. Be5+ Kg8 25. Qe2 h3 26. Bf3 Raf8 27. Bxc7 Qxe2 28.
Bxe2 Rxc7 29. Kh2 Rg7 30. Rg1 Rxg1 31. Kxg1 Ne4 32. Bg4 Ng5 33. Nd6 b6 34. Nf5
h5 35. Bxh3 Nxh3+ 36. Kh2 Rxf5 37. Kxh3 Kg7 38. Kg3 Kg6 39. b3 Kg5 {White
resigns} 0-1

[Event "Team 45 45 League T59"]
[Site "Internet Chess Club"]
[Date "2013.11.27"]
[Round "2"]
[White "misuc56"]
[Black "elmaestro"]
[Result "0-1"]
[WhiteElo "1883"]
[BlackElo "1784"]
[Opening "Dutch defense, Rubinstein variation"]
[ECO "A84"]
[Time "22:10:33"]
[TimeControl "2700+45"]

1. d4 f5 2. c4 e6 3. Nc3 Nf6 4. e3 Be7 5. Nf3 O-O 6. Bd2 a5 7. a3 d6 8. Be2 Nc6
9. h3 Qe8 10. O-O e5 11. d5 Nd8 12. Rc1 e4 13. Nh2 Nf7 14. Nb5 Bd8 15. Bc3 Nh6
16. Qe1 Qg6 17. f4 exf3 18. Rxf3 Ne4 19. Bd3 Nxc3 20. Nxc3 Bf6 21. Rc2 Be5 22.
Ne2 Bd7 23. Nf4 Qf6 24. b3 g5 25. Ne2 Kh8 26. a4 Qg7 27. Kh1 Rf6 28. Nd4 g4 29.
Rf1 Rg8 30. h4 g3 31. Nhf3 Qg4 32. Ne2 Rg5 33. Neg1 Rh5 34. Nh3 f4 35. Be2 Rxh4
36. Ng1 f3 37. Rxf3 Rxh3+ 38. Nxh3 Qh4 39. Bf1 Bxh3 40. Rxf6 Bg4+ 41. Kg1 Qh2#
{White checkmated} 0-1

[Event "Team 45 45 League T59"]
[Site "Internet Chess Club"]
[Date "2013.11.29"]
[Round "2"]
[White "nanning"]
[Black "qs16"]
[Result "1/2-1/2"]
[WhiteElo "1631"]
[BlackElo "1719"]
[Opening "Queen's pawn game"]
[ECO "E20"]
[Time "14:57:26"]
[TimeControl "2700+45"]

1. d4 Nf6 2. c4 e6 3. Nc3 b6 4. e4 Bb7 5. d5 exd5 6. cxd5 d6 7. Bd3 a6 8. a4 Be7
9. Nge2 Nbd7 10. Nd4 O-O 11. Nf5 Ne5 12. Nxe7+ Qxe7 13. O-O Nxd3 14. Qxd3 c6 15.
Bg5 h6 16. Bh4 g5 17. Bg3 cxd5 18. Nxd5 Nxd5 19. exd5 Qf6 20. b4 Rac8 21. Rac1
Rfe8 22. h3 Qe7 23. Qf5 a5 24. bxa5 bxa5 25. Rb1 Rc7 26. Rb6 Bc8 27. Qd3 Rd8 28.
Qb5 Rc5 29. Bxd6 Rxb5 30. Bxe7 Rxb6 31. Bxd8 Rd6 32. Bxa5 Rxd5 33. Bb6 Ba6 34.
Re1 Kg7 35. g3 Rd2 36. a5 Bb7 37. Ra1 Ba6 38. Re1 Bb7 39. Ra1 {Game drawn by
mutual agreement} 1/2-1/2

[Event "Team 45 45 League T59"]
[Site "Internet Chess Club"]
[Date "2013.12.04"]
[Round "2"]
[White "minke"]
[Black "HematiteBrown"]
[Result "1/2-1/2"]
[WhiteElo "1918"]
[BlackElo "1988"]
[Opening "Sicilian: Najdorf, Byrne (English) attack"]
[ECO "B90"]
[Time "23:00:41"]
[TimeControl "2700+45"]

1. e4 c5 2. Nf3 d6 3. d4 cxd4 4. Nxd4 Nf6 5. Nc3 a6 6. Be3 e6 7. f3 b5 8. a3 Bb7
9. Qd2 Nbd7 10. O-O-O Nb6 11. g4 Nfd7 12. Bd3 Ne5 13. Qe1 Nbc4 14. Rg1 Rc8 15.
Kb1 Qa5 16. Bd2 Qb6 17. Nce2 Nxd2+ 18. Qxd2 Be7 19. g5 O-O 20. f4 Nc4 21. Bxc4
Rxc4 22. Ng3 b4 23. a4 d5 24. f5 Rxd4 25. Qxd4 Bc5 26. a5 Qa7 27. Qe5 Bxg1 28.
fxe6 Bxh2 29. exf7+ Rxf7 30. Qe8+ Rf8 31. Qe6+ Kh8 32. Qe7 Qb8 33. Nf5 Be5 34.
Rh1 Re8 35. Qf7 b3 36. c3 d4 {Game drawn by mutual agreement} 1/2-1/2

[Event "Team 45 45 League T59"]
[Site "Internet Chess Club"]
[Date "2013.11.29"]
[Round "2"]
[White "pmcglothin"]
[Black "spuzzy"]
[Result "0-1"]
[WhiteElo "1756"]
[BlackElo "1692"]
[Opening "Four knights game"]
[ECO "C47"]
[Time "09:02:51"]
[TimeControl "2700+45"]

1. e4 e5 2. Nf3 Nc6 3. Nc3 Nf6 4. g3 d5 5. exd5 Nxd5 6. Qe2 Bg4 7. Bg2 Nxc3 8.
dxc3 Bd6 9. h3 Bh5 10. g4 Bg6 11. Nd4 Nxd4 12. cxd4 O-O 13. dxe5 Bxe5 14. O-O
Re8 15. Qf3 c6 16. c3 Qc7 17. h4 Be4 18. Qh3 Bxg2 19. Qxg2 Rad8 20. Be3 a5 21.
a4 Rd3 22. Rad1 Qd7 23. Qf3 Rd8 24. Ra1 Bc7 25. Qe2 Qd6 26. f4 Re8 27. Rf3 Bb6
28. Re1 Bxe3+ 29. Kf1 g6 30. h5 Kg7 31. Qh2 Rd1 32. h6+ Kf8 33. Qe2 Rxe1+ 34.
Qxe1 Qd3+ 35. Kg2 Qc2+ 36. Kh3 Bxf4 37. Qg1 Bxh6 38. g5 Qe2 39. Qg3 Bxg5 40. Rf2
Qe6+ 41. Kg2 Qd5+ 42. Kh3 Re3 {White resigns} 0-1

[Event "Team 45 45 League T59"]
[Site "Internet Chess Club"]
[Date "2013.12.02"]
[Round "2"]
[White "az2112"]
[Black "calsal"]
[Result "0-1"]
[WhiteElo "1656"]
[BlackElo "1697"]
[Opening "Giuoco Pianissimo"]
[ECO "C55"]
[Time "21:10:06"]
[TimeControl "2700+45"]

1. e4 e5 2. Nf3 Nc6 3. Bc4 Nf6 4. d3 Bc5 5. O-O d6 6. Be3 Bb6 7. Nc3 Bg4 8. Ne2
Bxf3 9. gxf3 Qd7 10. d4 Qh3 11. d5 Ne7 12. Ng3 O-O-O 13. a4 h5 14. a5 Bc5 15.
Re1 h4 16. Bf1 Qd7 17. Ne2 g5 18. Kh1 Rdg8 19. Ng1 h3 20. Ne2 g4 21. Ng3 Ng6 22.
Nf5 Nh4 23. fxg4 Nxg4 24. Bxh3 Nxf5 25. Bxg4 Ng3+ {White resigns} 0-1

[Event "Team 45 45 League T59"]
[Site "Internet Chess Club"]
[Date "2013.12.01"]
[Round "2"]
[White "alexine"]
[Black "drsigmund1"]
[Result "1-0"]
[WhiteElo "1653"]
[BlackElo "1624"]
[Opening "Queen's pawn"]
[ECO "A40"]
[Time "14:32:15"]
[TimeControl "2700+45"]

1. d4 e6 2. Nf3 b6 3. Bg5 f6 4. Bh4 Bb7 5. Nbd2 Nh6 6. e4 Be7 7. Bd3 O-O 8. Qe2
f5 9. Bxe7 Qxe7 10. e5 Qb4 11. O-O-O Nc6 12. c3 Qe7 13. h3 a5 14. g4 a4 15. a3
Na5 16. Rhg1 Nb3+ 17. Kb1 c5 18. gxf5 Nxf5 19. Nc4 cxd4 20. Bxf5 Rxf5 21. Nxd4
Nxd4 22. Rxd4 Bf3 23. Qd2 Bd5 24. Nd6 Rxe5 25. Rdg4 g6 26. Rxg6+ hxg6 27. Rxg6+
Kh8 28. Qh6+ Qh7 29. Nf7# {Black checkmated} 1-0

[Event "Team 45 45 League T59"]
[Site "Internet Chess Club"]
[Date "2013.11.28"]
[Round "2"]
[White "TerryMalloy"]
[Black "Greedy-Reedy"]
[Result "1-0"]
[WhiteElo "1985"]
[BlackElo "2006"]
[Opening "French: Fort Knox variation"]
[ECO "C03"]
[Time "12:02:28"]
[TimeControl "2700+45"]

1. e4 e6 2. d4 d5 3. Nd2 dxe4 4. Nxe4 Bd7 5. Nf3 Bc6 6. Bd3 Nd7 7. O-O Ngf6 8.
Ng3 Be7 9. Re1 O-O 10. c3 Re8 11. Bc2 Bxf3 12. Qxf3 c6 13. Bd2 Qc7 14. Rad1 Rad8
15. Bf4 Bd6 16. Bxd6 Qxd6 17. Qd3 Nf8 18. Re3 Rd7 19. h3 Red8 20. Qe2 c5 21.
Red3 Qb6 22. dxc5 Qxc5 23. Ne4 Nxe4 24. Qxe4 Qc7 25. a4 g6 26. b4 Rxd3 27. Rxd3
Rxd3 28. Qxd3 Nd7 29. Bb3 Nf6 30. Qd4 Nd5 31. Bxd5 exd5 32. a5 b6 33. axb6 axb6
34. Qxd5 Qxc3 35. Qd8+ Kg7 36. Qxb6 Qe1+ 37. Kh2 Qe5+ 38. g3 g5 39. Qc5 Qf6 40.
b5 h5 41. b6 h4 42. g4 Qf4+ 43. Kg1 Kh6 44. b7 f6 45. Qf8+ Kg6 46. b8=Q Qc1+ 47.
Kh2 {Black resigns} 1-0

[Event "Team 45 45 League T59"]
[Site "Internet Chess Club"]
[Date "2013.12.02"]
[Round "2"]
[White "DanMcClintic"]
[Black "badmove"]
[Result "0-1"]
[WhiteElo "1708"]
[BlackElo "1645"]
[Opening "Sicilian: Kan, 5.Nc3"]
[ECO "B43"]
[Time "17:12:52"]
[TimeControl "2700+45"]

1. e4 c5 2. Nf3 e6 3. d4 cxd4 4. Nxd4 a6 5. Nc3 Qc7 6. Be3 Nf6 7. f3 Bb4 8. Qd2
d5 9. Bd3 e5 10. Nf5 Bxf5 11. exf5 d4 12. Bxd4 exd4 13. a3 Bxc3 14. bxc3 Qxc3
15. Qxc3 dxc3 16. O-O O-O 17. a4 Nc6 18. Rab1 Rab8 19. Rb3 Nd4 20. Rxc3 Rfc8 21.
Rxc8+ Rxc8 22. c4 Kf8 23. Rb1 Rc7 24. Kf2 Nc6 25. g4 Nd7 26. Ke3 g6 27. fxg6
hxg6 28. f4 Nc5 29. Bc2 Re7+ 30. Kd2 Nd4 31. Bd1 Nde6 32. f5 gxf5 33. gxf5 Ng5
34. Kc3 Re1 35. Kd4 Nxa4 36. Bc2 Nf3+ 37. Kd5 Nc3+ {White resigns} 0-1

[Event "Team 45 45 League T59"]
[Site "Internet Chess Club"]
[Date "2013.12.03"]
[Round "2"]
[White "Schachteufel"]
[Black "BrerRabbit"]
[Result "1/2-1/2"]
[WhiteElo "1661"]
[BlackElo "1558"]
[Opening "Pirc: Ufimtsev-Pytel variation"]
[ECO "B07"]
[Time "10:46:29"]
[TimeControl "2700+45"]

1. e4 d6 2. d4 Nf6 3. Nc3 c6 4. f4 Qa5 5. Bd2 e5 6. fxe5 dxe5 7. d5 Be7 8. Nf3
Bg4 9. Be2 Nbd7 10. O-O Qb6+ 11. Kh1 O-O 12. Qe1 Rac8 13. Qg3 Bd6 14. h3 Bh5 15.
Na4 Qc7 16. Qh4 Bg6 17. Nc3 cxd5 18. exd5 a6 19. Ng5 Bxc2 20. Rac1 Bg6 21. Nce4
Qb6 22. Nxd6 Qxd6 23. Bb4 Nc5 24. Qf2 Rfe8 25. Rxc5 Rxc5 26. Qxc5 Qxd5 27. Qxd5
Nxd5 28. Bd6 Ne3 29. Rf3 Nf5 30. Ne4 Nh4 31. Re3 Nf5 32. Rc3 Nd4 33. Bf3 Nb5 34.
Rc5 Bxe4 35. Bxe5 Bxf3 36. gxf3 {Game drawn by mutual agreement} 1/2-1/2

[Event "Team 45 45 League T59"]
[Site "Internet Chess Club"]
[Date "2013.11.30"]
[Round "2"]
[White "Goli"]
[Black "IndianPawn"]
[Result "1/2-1/2"]
[WhiteElo "1811"]
[BlackElo "1981"]
[Opening "Ruy Lopez: Berlin defense, Beverwijk variation"]
[ECO "C65"]
[Time "17:45:43"]
[TimeControl "2700+45"]

1. e4 e5 2. Nf3 Nc6 3. Bb5 Nf6 4. O-O Bc5 5. Bxc6 dxc6 6. Nxe5 Nxe4 7. Nd3 Be7
8. Qe2 Nd6 9. Re1 Nf5 10. c3 O-O 11. Nf4 Re8 12. d4 Bd7 13. Qd1 Nd6 14. Na3 Bf5
15. Nc2 h6 16. Ne3 Bh7 17. Nd3 Bf6 18. Ng4 Bxd3 19. Rxe8+ Qxe8 20. Nxf6+ gxf6
21. Qxd3 Qe1+ 22. Qf1 Qxf1+ 23. Kxf1 Kg7 24. Bf4 Re8 25. Bxd6 cxd6 26. Re1 Re6
27. f4 Kg6 28. Rxe6 fxe6 29. Kf2 h5 30. Kf3 f5 31. h4 Kf6 32. g3 e5 33. dxe5+
dxe5 34. fxe5+ Kxe5 35. Ke3 c5 36. c4 a6 37. a4 b6 38. b3 Ke6 39. Kf4 Kf6 40.
Kf3 Ke5 41. Ke3 Ke6 42. Kf4 Kf6 43. Kf3 {Game drawn by mutual agreement} 1/2-1/2